 Dungeon Crawl Stone Soup version 0.19-a0-1920-g83281cb (webtiles) character file.

100 varam the Ruffian (level 4, -1/44 HPs)
             Began as a Troll Monk on Oct 23, 2016.
             Slain by a hornet (9 damage)
             ... on level 4 of the Dungeon.
             The game lasted 00:03:02 (1336 turns).

varam the Ruffian (Troll Monk)                      Turns: 1336, Time: 00:03:02

Health: -1/44      AC:  5    Str: 19    XL:     4   Next: 47%
Magic:  3/3        EV: 10    Int:  6    God:
Gold:   132        SH:  0    Dex: 13    Spells: 0 memorised, 3 levels left

rFire  . . .     SeeInvis .       - Unarmed
rCold  . . .     Gourm    +     a - +0 robe
rNeg   . . .     Faith    .     (no shield)
rPois  .         Spirit   .     (helmet restricted)
rElec  .         Reflect  .     (no cloak)
rCorr  .         Harm     .     (gloves unavailable)
MR     .....                    (boots unavailable)
Stlth  ++........               (no amulet)
                                (no ring)
                                (no ring)

@: lethally poisoned (-1 -> -2), slowed, very slow
A: unfitting armour, claws 3, fast metabolism 3, gourmand, regeneration 1,
shaggy fur 1, tough skin 2
a: no special abilities


You were on level 4 of the Dungeon.
You were not hungry.

You visited 1 branch of the dungeon, and saw 4 of its levels.

You collected 132 gold pieces.

Inventory:

Missiles
 e - 43 stones (quivered)
Armour
 a - a +0 robe (worn)
Jewellery
 d - an uncursed ring of resist corrosion {unknown}
Scrolls
 c - 3 scrolls of identify {unknown}
Comestibles
 b - 3 bread rations
 f - a beef jerky


   Skills:
 - Level 2.4 Fighting
 - Level 2.4 Dodging
 - Level 1.0 Stealth
 + Level 5.3 Unarmed Combat


You had 3 spell levels left.
You didn't know any spells.

Dungeon Overview and Level Annotations

Branches:
Dungeon (4/15)
 Temple: D:4-7

Altars:
The Shining One

Shops:
D:4 *


Innate Abilities, Weirdness & Mutations

You are too large for most types of armour.
You have claws for hands.
Your metabolism is lightning-fast.
You like to eat raw meat.
Your natural rate of healing is unusually fast.
You are covered in fur. (AC +1)
You have very tough skin. (AC +2)


Message History

The hornet is moderately wounded.
You feel sick. The hornet closely misses you.
The adder bites you but does no damage.
The jackal bites you but does no damage.
The hornet stings you!
You feel as though you will be slow longer.
The adder closely misses you.
You barely miss the hornet.
The hornet is moderately wounded.
You feel sick.
The jackal bites you but does no damage.
The hornet stings you!
* * * LOW HITPOINT WARNING * * *
You feel as though you will be slow longer.
The adder barely misses you. The jackal bites you.
* * * LOW HITPOINT WARNING * * *
The hornet barely misses you. The adder barely misses you.
You are too injured to fight recklessly!
You feel sick. The hornet stings you!
You die...

$.......#.##
####.####..#########
..........!...†....#
####.##########.#..#
#.# #)%####.# #.##
#$.. #..# #..####
##.h###.# ####8.8.8#
#..Sy.#.# .....⌠.⌠.#
#.#h#@'.# ###.8$∩.8#
####### # #..⌠.⌠.#
###.8.8.8#
....###.## .....##.#
.....##.#######
.<............#
#######.......#


You could see a hornet, an adder and a jackal.

Vanquished Creatures
  An orc priest (D:3)
  A gnoll (D:2)
  3 worms
  5 orcs (D:3)
  4 bats
  A giant cockroach (D:1)
  3 goblins
  2 hobgoblins
  6 jackals
  5 kobolds
  4 quokkas (D:2)
  A ball python (D:3)
  6 frilled lizards
  A quokka skeleton (D:3)
  6 rats
  A plant (D:2)
50 creatures vanquished.

Notes
Turn   | Place    | Note
-------+----------+-------------------------------------------
     0 | D:1      | varam the Troll Monk began the quest for the Orb.
     0 | D:1      | Reached XP level 1. HP: 22/22 MP: 0/0
   178 | D:1      | Reached XP level 2. HP: 29/29 MP: 1/1
   328 | D:2      | Found a glowing golden altar of the Shining One.
   570 | D:2      | Reached skill level 4 in Unarmed Combat
   713 | D:2      | Reached XP level 3. HP: 36/36 MP: 2/2
   850 | D:2      | You fall through a shaft!
  1201 | D:3      | Reached skill level 5 in Unarmed Combat
  1201 | D:3      | Reached XP level 4. HP: 40/44 MP: 3/3
  1247 | D:4      | Found Hoetieka's General Store.
  1330 | D:4      | Noticed a hornet
  1336 | D:4      | Slain by a hornet

Vault maps used:
D:1:      minmay_arrival_arboretum_small
D:2:      wad_woods_tower, tso_metal_star
D:3:      kennysheep_goblin_castle, first_bread, doesnt_xom_only_xom
D:4:      minmay_wonky_spiral, serial_shops,
          nicolae_shop_temple_entry_statues_fountains, corexii_corridor_pit

Skill      XL: |  1  2  3 |
---------------+----------+-----
Unarmed Combat | 4 5 |  5.3
Fighting       | |  2.4
Dodging        | |  2.4
Stealth        | |  1.0

Action                   |  1- 3 |  4- 6 || total
-------------------------+-------+-------++-------
Melee: Unarmed           |   126 |    10 ||   136
       Punch             |     2 |       ||     2
 Stab: Sleeping          |     1 |       ||     1
  Eat: Chunk             |    13 |       ||    13
Armor: Robe              |    38 |     4 ||    42
Dodge: Dodged            |    70 |    12 ||    82
